AoeStats
← Bugsibär

Arabia

508882808Analyzed
1v1 RM · 8d ago on Sep 24, 2026· 74m 52s· 2 players
Game mode
Random Map
Map size
Tiny (2 player)
Population
200
Speed
Normal
Resources
Standard
Victory
Conquest
Starting age
Dark Age
Ending age
Imperial Age
RankedLock teamsTeams togetherTeam positionsShared explorationLock speedFull tech treeHidden civsTurbo modeCheats
Victory
Defeat
🇦🇷 Saracens · Argentina
1885
+12
🇩🇪 Cumans · Germany
1791
-12
ElsterAur
6:59 Loom
9:27 Feudal Age
9:59 Double-Bit Axe
10:35 Horse Collar
17:07 Padded Archer Armor
20:22 Castle Age
19:26 Fletching
21:05 Bodkin Arrow
21:23 Bow Saw
22:13 Town Watch
27:23 Elite Skirmisher
29:57 Leather Archer Armor
38:41 Imperial Age
37:29 Husbandry
37:40 Bloodlines
43:15 Ring Archer Armor
42:46 Bracer
43:12 Ballistics
45:36 Elite Mameluke
46:37 Conscription
49:53 Scale Mail Armor
51:44 Light Cavalry
53:21 Scale Barding Armor
53:21 Gold Mining
53:21 Stone Mining
53:35 Hussar
67:57 Chain Barding Armor
67:48 Forging
69:54 Plate Barding Armor
Bugsibär
7:08 Loom
9:44 Feudal Age
10:24 Double-Bit Axe
15:51 Fletching
16:05 Padded Archer Armor
21:10 Castle Age
21:46 Bodkin Arrow
21:18 Crossbowman
22:20 Horse Collar
24:35 Gold Mining
25:00 Bow Saw
28:13 Wheelbarrow
27:39 Heavy Plow
31:43 Scale Barding Armor
31:49 Forging
38:12 Imperial Age
36:45 Hand Cart
36:33 Stone Mining
37:33 Bloodlines
39:03 Chain Barding Armor
39:18 Iron Casting
38:34 Cavalier
41:40 Plate Barding Armor
44:58 Blast Furnace
44:03 Light Cavalry
45:38 Ballistics
46:20 Chemistry
50:07 Conscription
50:50 Leather Archer Armor
50:42 Steppe Husbandry
50:52 Hussar
54:34 Ring Archer Armor
59:43 Thumb Ring
67:41 Crop Rotation
72:25 Hoardings
Connection lost

Rejoining the realm…

Still unreachable

The connection could not be restored.

Session expired

The server has moved on; the page needs a fresh start.